 Dungeon Crawl Stone Soup version 0.29-a0-284-gf9362112df (webtiles) character file.

Game seed: 13279786310516602587

15635 PaleWalker the Severer (level 12, -2/115 HPs)
             Began as a Minotaur Berserker on Mar 15, 2022.
             Was an Elder of Trog.
             Slain by a five-headed hydra (6 damage)
             ... on level 2 of the Lair of Beasts.
             The game lasted 00:25:12 (12635 turns).

PaleWalker the Severer (Minotaur Berserker)        Turns: 12635, Time: 00:25:13

Health: -2/115     AC: 20    Str: 27    XL:     12   Next: 3%
Magic:  11/11      EV:  8    Int:  4    God:    Trog [****..]
Gold:   524        SH:  0    Dex:  8    Spells: 11/11 levels left

rFire   + . .      SeeInvis .   b - +8 hand crossbow "Ruduxoh" {penet, rPois Will+++ Dex-2}
rCold   . . .      Faith    .   (no shield)
rNeg    . . .      Spirit   .   s - +0 plate armour
rPois   +          Reflect  .   (helmet restricted)
rElec   .          Harm     .   J - +0 cloak
rCorr   .          Rampage  .   l - +0 pair of gloves
Will    +++++                   (no boots)
Stlth   ..........              k - amulet of magic regeneration
HPRegen 1.29/turn               D - ring of protection from fire
MPRegen 0.52/turn               G - +4 ring of protection

@: strong-willed (expiring), regenerating (expiring)
A: horns 2, retaliatory headbutt
a: Renounce Religion, Berserk, Trog's Hand, Brothers in Arms


You were on level 2 of the Lair of Beasts.
You worshipped Trog.
Trog was greatly pleased with you.
You visited 2 branches of the dungeon, and saw 13 of its levels.

You collected 524 gold pieces.

Inventory:

Hand Weapons
 a - a +0 broad axe
 b - the +8 hand crossbow "Ruduxoh" (weapon) {penet, rPois Will+++ Dex-2}
   (You found it on level 7 of the Dungeon)

   Any ammunition fired by it passes through the targets it hits, potentially
   hitting all targets in its path until it reaches maximum range.
   Dex:       It affects your dexterity (-2).
   rPois:     It protects you from poison.
   Will:      It greatly increases your willpower.
Armour
 c - a +1 leather armour of cold resistance
 l - a +0 pair of gloves (worn)
 s - a +0 plate armour (worn)
 J - a +0 cloak (worn)
 K - a scarf of invisibility
Jewellery
 k - an amulet of magic regeneration (around neck)
 x - a ring of see invisible
 D - a ring of protection from fire (left hand)
 G - a +4 ring of protection (right hand)
 Q - a +6 ring of strength
Wands
 w - a wand of flame (22)
 H - a wand of acid (5)
 I - a wand of paralysis (6)
Scrolls
 f - 7 scrolls of identify
 i - 7 scrolls of teleportation
 o - 2 scrolls of blinking {unknown}
 r - a scroll of fear {unknown}
 t - 2 scrolls of magic mapping
 u - a scroll of vulnerability {unknown}
 v - a scroll of fog {unknown}
 y - a scroll of summoning {unknown}
 B - a scroll of enchant armour {unknown}
 C - a scroll of brand weapon {unknown}
 O - a scroll of torment {unknown}
 R - a scroll of silence {unknown}
Potions
 d - 2 potions of flight {unknown}
 e - 2 potions of ambrosia {unknown}
 g - 6 potions of attraction {unknown}
 h - a potion of berserk rage {unknown}
 j - 2 potions of heal wounds {unknown}
 m - 3 potions of invisibility {unknown}
 n - 4 potions of curing {unknown}
 p - 3 potions of mutation {unknown}
 q - 3 potions of brilliance {unknown}
 z - 2 potions of magic {unknown}
 A - a potion of degeneration {unknown}
 E - 2 potions of haste
 P - 2 potions of lignification {unknown}
Miscellaneous
 F - a phantom mirror
 L - a box of beasts
 M - a phial of floods
 N - a tin of tremorstones (2/2)


   Skills:
 + Level 13.2 Fighting
 * Level 15.3 Axes
 - Level 9.3 Crossbows
 + Level 8.2 Armour
 - Level 2.1 Dodging


You had 11 spell levels left.
You didn't know any spells.
Your spell library was empty.

Dungeon Overview and Level Annotations

Branches:
Dungeon (11/15)            Temple (0/1) D:5            Lair (2/6) D:9
 Spider (0/4) Lair:2
  Swamp: Lair:2-4    Shoals: Lair:2-4       Orc: D:9-12

Altars:
Dithmenos
Qazlal
Trog

Shops:
D:1 ?   D:4 ?!:   D:8 (?

Annotations:
D:8 exclusion: door
D:11 Josephine


Innate Abilities, Weirdness & Mutations

You have a pair of horns on your head.
You reflexively headbutt those who attack you in melee.


Message History

Shoot: b) +8 hand crossbow "Ruduxoh" {penet, rPois Will+++ Dex-2}
Press: ? - help, Q - select action, (/) - cycle Shift-Dir - straight line, f/p - five-headed hydra
Aim: a five-headed hydra (lightly wounded, 85% to hit)
You shoot a bolt.
The bolt pierces through the five-headed hydra.
The five-headed hydra is lightly wounded.
You feel the effects of Trog's Hand fading.
The five-headed hydra barely misses you.
The five-headed hydra bites you but does no damage. x2
The five-headed hydra bites you. The five-headed hydra bites you!
The cane toad stings you!!
The five-headed hydra barely misses you.
You furiously retaliate!
You headbutt the five-headed hydra!
The five-headed hydra bites you but does no damage.
The five-headed hydra barely misses you.
The five-headed hydra bites you but does no damage.
The five-headed hydra bites you! The cane toad closely misses you.
You furiously retaliate!
You headbutt the cane toad, but do no damage.
As you read the scroll labelled QETEQI DISUGG, it crumbles to dust.
You feel aware of your surroundings.
It was a scroll of magic mapping.
The cane toad closely misses you. The five-headed hydra bites you!
* * * LOW HITPOINT WARNING * * *
The five-headed hydra misses you.
The five-headed hydra bites you but does no damage.
The five-headed hydra bites you.
* * * LOW HITPOINT WARNING * * *
The five-headed hydra bites you!
* * * LOW HITPOINT WARNING * * *
As you read the scroll labelled RUISSEOCEO, it crumbles to dust.
It is a scroll of identify.
i - 7 scrolls of teleportation The cane toad stings you!
* * * LOW HITPOINT WARNING * * *
The five-headed hydra closely misses you.
The five-headed hydra bites you!
* * * LOW HITPOINT WARNING * * *
The five-headed hydra bites you but does no damage.
The five-headed hydra bites you.
You die...

,,,,,,,,**
*.......,*,*,*
,,,,,,,,,*
##.......,**,**
,,,,,*,,**
##........*****
,,,,***** #........#*
,,,** ###.<......#
,,,,* ##.#........#*
,,,***
**#............*
,,,*,*
#..#...........*
,,,,**
#....F@#......#*
,,,,,*
**#P....D.....###
,,,***
**,##..........# ,,,*
*,......$...####
,,,** **,.........##*
,,,,***,,.......#..,*
,,,,,**,,.#....#,#.**
,,,,,,,,,,.##..,**##
,,,,,,,,,,**,,,**


You could see a five-headed hydra and a cane toad.

Vanquished Creatures
  A rakshasa (D:10)
  2 centaur warriors (D:10)
  2 two-headed ogres
  The ghost of imambug the Covert, a novice NaTm of Cheibriados (D:9)
  A cane toad (Lair:1)
  An efreet (D:10)
  A troll (D:10)
  A meliai (D:10)
  A hornet (D:8)
  A slime creature (D:10)
  24 yaks
  6 wyverns
  A shadow (D:9)
  3 wraiths (D:10)
  A vampire (D:7)
  Eustachio (D:6)
  A basilisk (Lair:1)
  2 steam dragons
  5 water moccasins
  3 ice beasts
  4 black bears
  2 orc warriors
  2 sky beasts
  4 ogres
  4 centaurs
  4 kobold brigands
  7 bullfrogs
  2 necrophages
  2 scorpions
  5 wights (D:8)
  15 killer bees
  3 electric eels (D:5)
  3 howler monkeys (D:10)
  3 jellies
  5 hounds
  4 orc priests
  2 iguanas
  10 orc wizards
  A gnoll (D:3)
  7 adders
  A shadow imp (D:6)
  An ufetubus (D:4)
  2 worms (D:2)
  30 orcs
  8 ball pythons
  5 endoplasms
  3 giant cockroaches
  10 goblins
  9 hobgoblins
  3 jackals (D:2)
  3 quokkas
  4 bats
  4 frilled lizards
  11 kobolds
  11 rats
253 creatures vanquished.

Vanquished Creatures (others)
  42 fungi
  37 plants
79 creatures vanquished.

Grand Total: 332 creatures vanquished

Notes
Turn   | Place    | Note
-------+----------+-------------------------------------------
     0 | D:1      | PaleWalker the Minotaur Berserker began the quest for the
                  | Orb.
     0 | D:1      | Reached XP level 1. HP: 19/19 MP: 0/0
    42 | D:1      | Found a faded altar of an unknown god.
    50 | D:1      | Found Fopazol's Magic Scroll Shoppe.
    94 | D:1      | Reached skill level 4 in Axes
   218 | D:1      | Reached XP level 2. HP: 27/27 MP: 1/1
   983 | D:2      | Reached XP level 3. HP: 27/33 MP: 2/2
  1226 | D:2      | Reached ** piety under Trog
  1265 | D:2      | Found a shadowy altar of Dithmenos.
  1425 | D:2      | Reached skill level 5 in Axes
  1978 | D:3      | Reached XP level 4. HP: 35/41 MP: 3/3
  2346 | D:3      | Reached skill level 6 in Axes
  2535 | D:4      | Reached XP level 5. HP: 47/47 MP: 4/4
  2553 | D:4      | Noticed a sky beast
  2569 | D:4      | Killed a sky beast
  2570 | D:4      | Reached skill level 5 in Fighting
  2641 | D:4      | Found Ismifi Xika's Magic Scroll Boutique.
  2760 | D:4      | Noticed an ogre
  2764 | D:4      | Killed an ogre
  2765 | D:4      | Reached skill level 7 in Axes
  2765 | D:4      | Reached XP level 6. HP: 50/56 MP: 5/5
  3285 | D:4      | Found Moqihoa's Book Boutique.
  3286 | D:4      | Found Iqunon's Distillery.
  3318 | D:4      | Reached *** piety under Trog
  3319 | D:4      | Reached skill level 8 in Axes
  3410 | D:4      | Reached XP level 7. HP: 63/63 MP: 6/6
  3566 | D:5      | Entered Level 5 of the Dungeon
  3730 | D:5      | Found a transporter.
  3732 | D:5      | Found a transporter.
  3780 | D:5      | Reached skill level 9 in Axes
  4115 | D:5      | Noticed a wyvern
  4123 | D:5      | Killed a wyvern
  4209 | D:5      | Found a staircase to the Ecumenical Temple.
  4302 | D:5      | Reached skill level 10 in Axes
  4302 | D:5      | Reached XP level 8. HP: 28/73 MP: 7/7
  4647 | D:5      | Found a stormy altar of Qazlal.
  5227 | D:6      | Reached skill level 11 in Axes
  5423 | D:6      | Noticed a two-headed ogre
  5443 | D:6      | Killed a two-headed ogre
  5444 | D:6      | Reached skill level 12 in Axes
  5444 | D:6      | Reached XP level 9. HP: 35/83 MP: 8/8
  5819 | D:6      | Reached skill level 13 in Axes
  5833 | D:6      | Reached skill level 10 in Fighting
  5888 | D:6      | HP: 2/85 [yak (5)]
  5916 | D:6      | Reached skill level 14 in Axes
  6375 | D:6      | Noticed Eustachio
  6409 | D:6      | Killed Eustachio
  6410 | D:6      | Reached XP level 10. HP: 92/94 MP: 9/9
  7053 | D:7      | Found a bloodstained altar of Trog.
  7162 | D:7      | Identified the +8 hand crossbow "Ruduxoh" {penet, rPois
                  | Will+++ Dex-2}
  7339 | D:7      | Reached skill level 1 in Crossbows
  7620 | D:8      | Found Loupnour's Antique Weapon Shop.
  7676 | D:8      | Noticed a boulder beetle
  7724 | D:8      | Paralysed by a hornet for 3 turns
  8382 | D:8      | Noticed a two-headed ogre
  8388 | D:8      | Killed a two-headed ogre
  8744 | D:8      | Found Qelufole's Magic Scroll Emporium.
  8914 | D:9      | Reached skill level 5 in Crossbows
  8928 | D:9      | Reached skill level 5 in Armour
  8997 | D:9      | Reached **** piety under Trog
  8998 | D:9      | Reached XP level 11. HP: 95/104 MP: 10/10
  9592 | D:9      | Found a runed translucent gate.
  9593 | D:9      | Found a runed translucent gate.
  9594 | D:9      | Found a runed translucent gate.
  9596 | D:9      | Noticed imambug's ghost (novice NaTm)
  9657 | D:9      | Killed imambug's ghost
  9791 | D:9      | Found a staircase to the Lair.
 10003 | D:10     | Entered Level 10 of the Dungeon
 10167 | D:10     | Noticed a centaur warrior
 10167 | D:10     | Noticed a rakshasa
 10171 | D:10     | Killed a centaur warrior
 10181 | D:10     | Killed a rakshasa
 10761 | D:10     | Noticed a centaur warrior
 10776 | D:10     | Killed a centaur warrior
 11377 | D:10     | Reached skill level 15 in Axes
 11520 | D:10     | Identified the +2 mace "Duirph Dorong" {speed, *Noise Str+4
                  | Int+6 Stlth-}
 11678 | D:11     | Noticed Josephine
 11678 | D:11     | Noticed a phantasmal warrior
 11739 | Lair:1   | Entered Level 1 of the Lair of Beasts
 11926 | Lair:1   | Reached XP level 12. HP: 71/115 MP: 11/11
 12625 | Lair:2   | Noticed a five-headed hydra
 12635 | Lair:2   | HP: 4/115 [five-headed hydra (8)]
 12635 | Lair:2   | Slain by a five-headed hydra

Illustrated notes

Levels and vault maps discovered:
D:1:      co_arrival_square_in_a_square_in_a_square, layout_rooms, serial_shops,
          nicolae_lakefront_shop, ebering_ecumenical_altar_mist
D:2:      layout_loops_ring, basic_altar, serial_co_window_serial,
          co_window_of_opportunity_a, co_window_corner_a, co_window_corner_a,
          co_window_paths_a, co_window_paths_b, co_window_of_opportunity_b,
          co_window_corner_ca, co_window_cross_2, co_window_corner_ca,
          co_window_corner_b, co_window_unsneaky_path_e, co_window_paths_d,
          co_window_4corner_a, glass_columns_a, glass_columns_b, glass_columns_a
D:3:      layout_rooms, minmay_diced_spiral
D:4:      layout_rooms, serial_shops, shop, kennysheep_mini, nicolae_shop_stone
D:5:      gammafunk_steamed_eel, layout_layer_cave, grunt_qazlal_clouds,
          minmay_temple_entry_mist
D:6:      wad_pebble_path, layout_basic, portal_sewer_entry_b, uniq_eustachio
D:7:      layout_loops_ring, kennysheep_mini_moat, minmay_crossroads
D:8:      wander_river, layout_gridville, serial_shops, shop, shop
D:9:      layout_gridville, due_lair_maze_entry_diamond,
          ebering_ghost_rock_garden
D:10:     layout_cross, minmay_the_grid_2x2 [minmay_the_grid_odd_star,
          minmay_the_grid_slots, minmay_the_grid_doors,
          minmay_the_grid_prize_shrinking_boxes]
D:11:     layout_rooms, serial_shops, nicolae_shop_stone,
          minmay_unpleasant_kobolds, uniq_josephine
Lair:1:   layout_chaotic_city, infiniplex_staircase_pool
Lair:2:   layout_cave_shapes, spider_nest_entry_web_field,
          chequers_serial_rivers_micro_e

Skill      XL: |  1  2  3  4  5  6  7  8  9 10 11 |
---------------+----------------------------------+-----
Axes           | 4 5 6 7 8 10 12 14 15 | 15.3
Fighting       | 4 5 6 7 9 10 11 13 | 13.2
Crossbows      | 6 9 |  9.3
Armour         | 5 8 |  8.2
Dodging        | |  2.1

Action                   |  1- 3 |  4- 6 |  7- 9 | 10-12 || total
-------------------------+-------+-------+-------+-------++-------
Melee: Hand axe          |   106 |   115 |   216 |   411 ||   848
       Headbutt          |    17 |    14 |    56 |   104 ||   191
       Punch             |       |     2 |     2 |     5 ||     9
       Broad axe         |       |       |       |    55 ||    55
 Fire: Hand crossbow     |       |       |       |     4 ||     4
Invok: Berserk           |     1 |     4 |     9 |    13 ||    27
       Trog's Hand       |       |       |     2 |     4 ||     6
Evoke: Wand              |       |       |     2 |       ||     2
  Use: Scroll            |       |       |       |     2 ||     2
Armor: Leather armour    |    25 |       |       |       ||    25
       Chain mail        |    19 |    12 |       |       ||    31
       Plate armour      |       |    56 |    71 |   198 ||   325
Dodge: Dodged            |    50 |    44 |    36 |   135 ||   265

Table legend: (Time is in decaauts)
 A = Elapsed time spent in this place.
 B = Non-inter-level travel time spent in this place.
 C = Inter-level travel time spent in this place.
 D = Time resting spent in this place.
 E = Time spent auto-exploring this place.
 F = Levels seen in this place.
 G = Mean time per level.
                   A        B        C        D        E       F      G
               +--------+--------+--------+--------+--------+-----+--------+
         Total |  12687 |  12239 |    448 |   1392 |   8895 |  13 |  975.9 |
       Dungeon |  11794 |  11369 |    425 |   1216 |   8265 |  11 | 1072.2 |
          Lair |    892 |    869 |     23 |    176 |    630 |   2 |  446.0 |
               +--------+--------+--------+--------+--------+-----+--------+

Top non-repeatable levels by time:
    D:10: 1674 daAuts
     D:5: 1674 daAuts
     D:6: 1419 daAuts
     D:8: 1256 daAuts
     D:2: 1200 daAuts
     D:9: 1156 daAuts
     D:4: 1106 daAuts
     D:7: 976 daAuts
  Lair:1: 881 daAuts
     D:1: 656 daAuts
     D:3: 651 daAuts
    D:11: 20 daAuts
  Lair:2: 10 daAuts
